 Dungeon Crawl Stone Soup version 0.21.0-3-g78d12a8 (webtiles) character file.

128 Draznyth the Skirmisher (level 5, -5/34 HPs)
             Began as a Gargoyle Fighter on Jan 17, 2018.
             Killed from afar by an orc wizard (11 damage)
             ... with a puff of flame
             ... on level 3 of the Dungeon.
             The game lasted 00:04:47 (1983 turns).

Draznyth the Skirmisher (Gargoyle Fighter)          Turns: 1983, Time: 00:04:48

Health: -5/34      AC: 11    Str: 21    XL:     5   Next: 12%
Magic:  5/5        EV:  7    Int:  8    God:
Gold:   207        SH:  0    Dex:  9    Spells: 4/4 levels left

rFire    . . .     SeeInvis .   a - +0 war axe
rCold    . . .     Gourm    .   c - +0 shield
rNeg     + . .     Faith    .   b - +0 scale mail
rPois    ∞         Spirit   .   (no helmet)
rElec    +         Reflect  .   (no cloak)
rCorr    .         Harm     .   (no gloves)
MR       .....                  (no boots)
Stlth    ..........             (no amulet)
HPRegen  0.11/turn              (no ring)
MPRegen  0.09/turn              (no ring)

@: confused
A: negative energy resistance 1, electricity resistance, unbreathing,
petrification resistance, rot immunity, AC +4
a: no special abilities


You were on level 3 of the Dungeon.
You were not hungry.

You visited 1 branch of the dungeon, and saw 3 of its levels.

You collected 207 gold pieces.

Inventory:

Hand Weapons
 a - a +0 war axe (weapon)
Missiles
 n - 20 arrows
Armour
 b - a +0 scale mail (worn)
 c - a +0 shield (worn)
Jewellery
 m - an uncursed ring of ice {unknown}
Scrolls
 g - a scroll of enchant weapon {unknown}
 i - 3 scrolls of identify {unknown}
 j - a scroll of magic mapping {unknown}
 l - a scroll of enchant armour {unknown}
 q - 2 scrolls of remove curse {unknown}
Potions
 d - a potion of might
 e - 2 potions of agility {unknown}
 h - 3 potions of mutation {unknown}
 k - 4 potions of curing {unknown}
 o - a potion of brilliance {unknown}
 p - 2 potions of heal wounds {unknown}
 r - a potion of degeneration {unknown}
Comestibles
 f - 3 rations
 s - 4 chunks of flesh


   Skills:
 * Level 4.4 Fighting
 * Level 3.0 Axes
 + Level 3.8 Armour
 + Level 3.9 Shields


You had 4 spell levels left.
You didn't know any spells.

Dungeon Overview and Level Annotations

Branches:
Dungeon (3/15)

Altars:
Cheibriados
Wu Jian

Annotations:
D:3 Nornya's ghost, amateur MiFi


Innate Abilities, Weirdness & Mutations

You are resistant to torment.
Your stone body is resilient. (AC +4)
You are immune to poison.
You resist negative energy. (rN+)
You are resistant to electric shocks. (rElec)
You can survive without breathing.
You are immune to petrification.
You are immune to rotting.


Message History

You block Nornya's ghost's attack.
Sorry, you're not good enough to have a special ability.
Sorry, you're not good enough to have a special ability.
Sorry, you're not good enough to have a special ability.
Sorry, you're not good enough to have a special ability.
You miss the orc wizard.
The orc wizard is almost dead.
Your scale mail prevents you from hitting Nornya's ghost.
The orc wizard gestures at you while chanting.
You are confused.
Nornya's ghost hits you.
The orc wizard gestures at you while chanting.
The puff of flame hits you!
You bump into the rock wall.
Nornya's ghost mumbles, "They all look like pillowcases to me..."
Nornya's ghost hits you!
* * * LOW HITPOINT WARNING * * *
The orc wizard points at you and mumbles some strange words.
The puff of flame hits you!
You die...

. . ...#### ..
#......## ##...
#W@##..... ##o†..# .##
.. #))### ..# .# #?###
#.# ##.# ..##...# #.#
#..#
.......#.#####.####..#
................##..###
......................#
.......#..............#


You could see an orc wizard and Nornya's ghost.

Vanquished Creatures
  An orc priest (D:2)
  3 adders
  A worm (D:3)
  3 leopard geckos
  6 orcs
  A ball python (D:1)
  4 giant cockroaches
  3 hobgoblins
  6 kobolds
  A quokka (D:2)
  11 bats
  3 frilled lizards
  8 goblins
  10 rats
61 creatures vanquished.

Notes
Turn   | Place    | Note
-------+----------+-------------------------------------------
     0 | D:1      | Draznyth the Gargoyle Fighter began the quest for the Orb.
     0 | D:1      | Reached XP level 1. HP: 14/14 MP: 1/1
    93 | D:1      | Reached XP level 2. HP: 15/19 MP: 2/2
   365 | D:1      | Reached XP level 3. HP: 23/24 MP: 3/3
  1131 | D:2      | Found an ornate altar of the Wu Jian Council.
  1265 | D:2      | Found a snail-covered altar of Cheibriados.
  1315 | D:2      | Reached skill level 4 in Fighting
  1619 | D:2      | Reached XP level 4. HP: 24/29 MP: 4/4
  1931 | D:3      | Reached XP level 5. HP: 32/34 MP: 5/5
  1976 | D:3      | Noticed Nornya's ghost (amateur MiFi)
  1983 | D:3      | Killed from afar by an orc wizard

Skill      XL: |  1  2  3  4 |
---------------+-------------+-----
Axes           | 2 3 |  3.0
Fighting       | 4 |  4.4
Armour         | |  3.8
Shields        | |  3.9

Action                   |  1- 3 |  4- 6 || total
-------------------------+-------+-------++-------
Melee: War axe           |   171 |    56 ||   227
  Eat: Chunk             |     2 |     2 ||     4
Armor: Scale mail        |   147 |    45 ||   192
Dodge: Dodged            |    91 |    18 ||   109
Block: Shield            |   144 |    31 ||   175
